Map: Abyssal Reef LE

Players

TooDming - Winner!

  • Race: Zerg Zerg
  • Spawn Location: 11:00

iaguz

  • Race: Terran Terran
  • Spawn Location: 5:00

Event: WCS Austin 2017

VOD

Have the link to the VOD?

Description

Time

  • Played on: April 28, 2017, 9:54 p.m.
  • Length: 6:50

All games in this series

Show
View Real Time Build Order
Export as new Build Order

TooDming Zerg - Winner!

Build Orders: Hatch First 

Get SALT Encoding   

  12  0:00  Drone  
  13  0:12  Overlord  
  13  0:17  Drone  
  14  0:31  Drone x2  
  14  0:35  Drone  
  17  0:52  Hatchery  
  17  0:56  Drone  
  17  0:59  Drone  
  18  1:10  Extractor  
  17  1:14  Spawning Pool  
  17  1:17  Drone  
  17  1:20  Drone  
  18  1:28  Drone  
  19  1:38  Overlord  
  19  2:00  Queen  
  22  2:01  Zergling x4  
  22  2:03  Queen  
  22  2:04  Zergling x2  
  26  2:09  Metabolic Boost  
  26  2:11  Zergling x2  
  26  2:15  Zergling x2  
  28  2:24  Drone  
  28  2:26  Drone  
  30  2:38  Hatchery  
  29  2:45  Drone x2  
  29  2:47  Drone  
  33  2:51  Drone  
  33  2:58  Drone  
  32  3:06  Overlord  
  32  3:10  Drone  
  32  3:11  Drone x2  
  32  3:12  Drone x2  
  34  3:16  Drone  
  35  3:21  Overlord  
  35  3:28  Queen  
  35  3:31  Drone x2  
  35  3:34  Drone x3  
  42  3:42  Roach Warren  
  41  3:51  Zergling x2  
  41  3:52  Zergling x10  
  47  3:58  Zergling x2  
  47  3:59  Zergling x4  
  50  4:05  Extractor  
  50  4:06  Extractor  
  50  4:09  Overlord  
  48  4:12  Drone  
  48  4:15  Drone x3  
  52  4:20  Overlord  
  52  4:21  Overlord  
  49  4:30  Drone x3  
  52  4:31  Drone  
  52  4:44  Roach x7  
  65  4:52  Roach x2  
  65  5:02  Roach x2  
  69  5:07  Overlord x2  
  69  5:08  Zergling x4  
  69  5:11  Zergling x6  
  74  5:27  Ravager x5  
  79  5:28  Zergling x2  
  79  5:29  Zergling x12  
  79  5:32  Ravager  
  79  5:33  Zergling x4  
  89  5:38  Overlord x2  
  89  5:39  Zergling x2  
  90  5:47  Overlord x2  
  90  6:00  Zergling x18  
  98  6:15  Zergling x16  
  85  6:33  Drone x2  
  85  6:34  Drone  
  85  6:37  Drone  
  85  6:38  Drone  
  85  6:39  Ravager  
Show
View Real Time Build Order
Export as new Build Order

iaguz Terran 

Build Orders:  

Get SALT Encoding   

  12  0:00  SCV  
  13  0:12  SCV  
  14  0:17  Supply Depot  
  14  0:25  SCV  
  15  0:38  SCV  
  15  0:39  Barracks  
  16  0:43  Refinery  
  16  0:50  SCV  
  17  1:03  SCV  
  18  1:15  SCV  
  19  1:26  Barracks Reactor  
  19  1:27  Orbital Command  
  19  1:40  Command Center  
  19  1:49  Supply Depot  
  19  1:52  SCV  
  20  2:02  Marine x2  
  20  2:05  SCV  
  23  2:12  Factory  
  23  2:15  Refinery  
  23  2:17  SCV  
  23  2:20  Marine  
  23  2:22  Marine  
  26  2:29  SCV  
  27  2:38  Marine  
  27  2:40  Marine  
  27  2:41  SCV  
  30  2:53  SCV  
  30  2:55  Orbital Command  
  27  3:16  Cyclone x2, Marine  
  27  3:17  SCV  
  35  3:20  SCV  
  36  3:31  Supply Depot, SCV  
  36  3:32  SCV  
  36  3:34  Marine  
  39  3:43  SCV  
  39  3:45  SCV  
  45  3:48  Hellion x2  
  45  3:54  Barracks Tech Lab  
  45  3:57  SCV x2  
  47  4:03  Command Center  
  47  4:09  SCV  
  49  4:10  SCV  
  49  4:20  Hellion x2, Marine  
  49  4:22  SCV  
  49  4:23  SCV  
  47  4:25  Barracks, Stimpack  
  47  4:30  Barracks  
  47  4:39  Supply Depot  
  44  4:46  Hellion x2, Marine  
  44  4:50  SCV  
  44  4:52  SCV  
  49  5:03  SCV  
  50  5:10  Marine  
  50  5:12  SCV  
  52  5:15  SCV  
  52  5:17  Factory Reactor  
  52  5:18  Barracks Reactor  
  53  5:21  Orbital Command  
  53  5:22  Engineering Bay  
  53  5:23  Engineering Bay  
  53  5:25  Marine x2  
  53  5:27  SCV x2  
  57  5:32  Starport  
  57  5:33  Barracks  
  57  5:36  Marine  
  58  5:43  Barracks, Marine  
  58  5:45  SCV x2  
  61  5:50  Marine  
  61  5:54  Marine  
  61  5:56  Marine x2  
  61  5:58  SCV x2  
  61  6:00  SCV  
  61  6:01  Marine  
  65  6:08  Marine  
  49  6:12  Marine  
  49  6:14  Marine x2  
  50  6:19  Marine  
  50  6:21  Marine  
  39  6:26  Marine  
  39  6:29  Marine  
  39  6:32  Marine x2  
Tags
 
Add a new tag
Caveats
  • Supply blocks, unpowered buildings, or Contaminate may cause inaccurate times.
  • Supply counts are checked every 10 seconds.